AoeStats
← Pwncakes

African Clearing

506657539Analyzed
2v2 RM · 19d ago on Sep 14, 2026· 25m 45s· 4 players
Game mode
Random Map
Map size
Medium (4 player)
Population
200
Speed
Normal
Resources
Standard
Victory
Conquest
Starting age
Dark Age
Ending age
Imperial Age
RankedLock teamsTeams togetherTeam positionsShared explorationLock speedFull tech treeHidden civsTurbo modeCheats
Victory
Defeat
🇺🇸 Tatars · United States
1320
+14
🇪🇸 Japanese · Spain
1266
+16
🇨🇭 Mongols · Switzerland
1274
-15
🇨🇭 Muisca · Switzerland
1273
-15
FreshDumbledore
11:10 Loom
13:15 Feudal Age
17:59 Castle Age
19:01 Fletching
22:36 Bodkin Arrow
24:23 Ballistics
SirTimotheus
4:42 Loom
18:13 Feudal Age
20:43 Fletching
27:31 Castle Age
Pwncakes
7:00 Loom
14:42 Feudal Age
15:44 Man-at-Arms
16:21 Double-Bit Axe
17:29 Forging
21:56 Scale Barding Armor
23:02 Bloodlines
25:48 Wheelbarrow
ryzenvelos
3:57 Loom
14:20 Feudal Age
18:19 Castle Age
16:29 Double-Bit Axe
18:25 Fletching
19:11 Bodkin Arrow
20:30 Husbandry
23:59 Padded Archer Armor
Connection lost

Rejoining the realm…

Still unreachable

The connection could not be restored.

Session expired

The server has moved on; the page needs a fresh start.